AoeStats
← Aragorn

Arabia

507795808Analyzed
2v2 RM · 12d ago on Sep 19, 2026· 56m 13s· 4 players
Game mode
Random Map
Map size
Medium (4 player)
Population
200
Speed
Normal
Resources
Standard
Victory
Conquest
Starting age
Dark Age
Ending age
Imperial Age
RankedLock teamsTeams togetherTeam positionsShared explorationLock speedFull tech treeHidden civsTurbo modeCheats
Victory
Defeat
🇦🇷 Byzantines · Argentina
1232
+15
🇨🇴 Lithuanians · Colombia
1185
+17
🇩🇪 Dravidians · Germany
1221
-17
🇨🇭 Mongols · Switzerland
1184
-15
pengel_tz
6:45 Loom
9:27 Feudal Age
10:17 Double-Bit Axe
12:06 Horse Collar
20:34 Castle Age
20:15 Stone Mining
20:19 Gold Mining
22:12 Fletching
22:56 Bodkin Arrow
24:24 Wheelbarrow
24:56 Bow Saw
25:36 Hand Cart
26:05 Heavy Plow
26:14 Town Watch
34:47 Imperial Age
32:20 Scale Mail Armor
32:31 Forging
32:18 Gambesons
32:33 Squires
32:19 Arson
33:53 Ballistics
36:07 Chain Mail Armor
36:27 Iron Casting
36:17 Wootz Steel
37:02 Conscription
37:37 Town Patrol
37:56 Elite Urumi Swordsman
39:21 Plate Mail Armor
40:31 Blast Furnace
39:32 Bracer
39:20 Arrowslits
39:31 Murder Holes
43:09 Chemistry
42:20 Masonry
43:16 Two-Man Saw
48:32 Hoardings
50:35 Bombard Tower
Aragorn
6:41 Loom
9:11 Feudal Age
9:18 Man-at-Arms
14:49 Fletching
22:10 Castle Age
20:44 Horse Collar
20:50 Double-Bit Axe
21:51 Gold Mining
23:32 Wheelbarrow
23:29 Bodkin Arrow
24:18 Padded Archer Armor
25:41 Bloodlines
30:35 Ballistics
32:34 Husbandry
32:50 Leather Archer Armor
32:09 Light Cavalry
33:39 Heavy Plow
34:08 Scale Barding Armor
42:49 Imperial Age
43:34 Bracer
43:43 Thumb Ring
44:04 Parthian Tactics
43:11 Elite Mangudai
44:13 Conscription
45:56 Hussar
47:32 Chain Barding Armor
48:01 Forging
50:27 Iron Casting
49:33 Heavy Camel Rider
55:08 Hand Cart
juanfer0002
6:39 Loom
8:57 Feudal Age
9:43 Double-Bit Axe
23:08 Castle Age
21:39 Gold Mining
21:53 Horse Collar
23:26 Bloodlines
23:42 Padded Archer Armor
25:43 Bow Saw
27:24 Fletching
27:32 Elite Skirmisher
29:45 Heavy Plow
31:20 Leather Archer Armor
34:17 Wheelbarrow
36:26 Imperial Age
33:56 Stone Mining
34:29 Scale Barding Armor
34:28 Husbandry
34:49 Fervor
36:13 Chain Barding Armor
36:39 Cavalier
37:55 Plate Barding Armor
38:32 Two-Man Saw
38:01 Hand Cart
38:18 Light Cavalry
41:09 Forging
41:14 Town Watch
43:01 Iron Casting
43:58 Ballistics
43:36 Bodkin Arrow
44:48 Town Patrol
44:49 Bracer
46:46 Chemistry
46:18 Ring Archer Armor
45:58 Winged Hussar
48:23 Paladin
49:27 Treadmill Crane
51:36 Conscription
RedJohn
6:52 Loom
9:19 Feudal Age
10:23 Double-Bit Axe
10:56 Horse Collar
15:10 Fletching
20:25 Castle Age
19:50 Padded Archer Armor
20:31 Crossbowman
21:10 Bodkin Arrow
23:48 Wheelbarrow
25:13 Bow Saw
27:24 Elite Skirmisher
30:59 Hand Cart
32:34 Gold Mining
33:02 Heavy Plow
33:26 Scale Barding Armor
34:45 Chain Barding Armor
34:58 Stone Mining
35:38 Forging
37:29 Iron Casting
41:13 Imperial Age
39:50 Leather Archer Armor
41:25 Husbandry
41:16 Elite Cataphract
42:16 Logistica
42:49 Conscription
43:24 Plate Barding Armor
42:50 Bracer
49:51 Light Cavalry
55:24 Chemistry
55:21 Ballistics
Connection lost

Rejoining the realm…

Still unreachable

The connection could not be restored.

Session expired

The server has moved on; the page needs a fresh start.